 Dungeon Crawl Stone Soup version 0.22-a0-833-g8522bf8125 (webtiles) character file.

47 Htamos the Ducker (level 3, 0/45 HPs)
             Began as a Demigod Gladiator on July 25, 2018.
             Slain by a gnoll
             ... wielding a +0 halberd
              (2 damage)
             ... on level 1 of the Dungeon.
             The game lasted 00:02:01 (846 turns).

Htamos the Ducker (Demigod Gladiator)                Turns: 846, Time: 00:02:02

Health: 0/45       AC: 21    Str: 17    XL:     3   Next: 29%
Magic:  5/5        EV:  2    Int: 12    God:
Gold:   47         SH:  0    Dex: 24    Spells: 2/2 levels left

rFire    . . .     SeeInvis .   a - +1 war axe
rCold    . . .     Gourm    .   (no shield)
rNeg     + + +     Faith    .   (armour currently unavailable)
rPois    +         Spirit   .   (helmet currently unavailable)
rElec    .         Reflect  .   (cloak currently unavailable)
rCorr    .         Harm     .   (gloves currently unavailable)
MR       .....     NoTele   +   (boots currently unavailable)
Stlth    +++.......             (no amulet)
HPRegen  0.15/turn              (no ring)
MPRegen  0.09/turn              (no ring)

@: agile, tree-form (expiring)
A: high mp 1
a: no special abilities


You were on level 1 of the Dungeon.
You were not hungry.
You were a tree.
You visited 1 branch of the dungeon, and saw 2 of its levels.

You collected 47 gold pieces.

Inventory:

Hand Weapons
 a - a +1 war axe (weapon)
Missiles
 d - 3 throwing nets (quivered)
Armour
 b - a +0 leather armour
 c - a +0 helmet (melded)
 g - a cursed +0 chain mail (melded)
 p - a +0 cloak (melded)
Scrolls
 i - a scroll of enchant weapon
 o - a scroll of identify {unknown}
Potions
 j - a potion of flight
Comestibles
 f - 3 rations
 h - a chunk of flesh


   Skills:
 + Level 2.4 Fighting
 - Level 2.6 Axes
 - Level 1.7 Throwing
 + Level 0.2 Armour
 * Level 3.7 Dodging


You had 2 spell levels left.
You didn't know any spells.
Your spell library was empty.

Dungeon Overview and Level Annotations

Branches:
Dungeon (2/15)


Innate Abilities, Weirdness & Mutations

You have an increased reservoir of magic. (+10% MP)


Message History

Some of the chunks of flesh in your inventory have rotted away.
Your transformation is almost over.
The gnoll hits you from afar with a halberd.
* * * LOW HITPOINT WARNING * * *
The gnoll hits you but does no damage.
The gnoll hits you from afar with a halberd.
* * * LOW HITPOINT WARNING * * *
The gnoll hits you from afar with a halberd!
* * * LOW HITPOINT WARNING * * *
The gnoll barely misses you.
Okay, then.
As you read the scroll labeled JUASAG ISSEI, it crumbles to dust.
You feel a strange sense of stasis.
It was a scroll of teleportation.
The gnoll hits you but does no damage.
Unknown command.
As you read the scroll labeled GAUKLYCKIRPH, it crumbles to dust.
The creatures around you are filled with an inner flame!
It was a scroll of immolation.
The gnoll hits you from afar with a halberd.
You die...

#.######.######........ ##.##
#......#......#. #######...###
#.#....#........
#.......#...###.#...#...#.....
####.###.....#........##...#<....
#.....##.........#.........###...
#............###.#.##.###........
..##..#......###.#......#...)....
..#...........##♣###)[.####...###
......#.#..##.##)# #...# #####.#
..#.#.#.#..#...#g# #...####......
........#...###..###...#....####.
....#####..## ##)...........####.
....# #..# #.................
....# #..## ##...g...........).
...># ###.###.####...#.........
######## #....## #...####......


You could see a gnoll (inner flame).

Vanquished Creatures
  A gnoll (D:1)
  A dart slug (D:1)
  2 leopard geckos
  A bat (D:1)
  A giant cockroach (D:1)
  4 goblins (D:1)
  7 hobgoblins (D:1)
  4 jackals (D:1)
  A ball python (D:1)
  2 frilled lizards (D:1)
  2 kobolds (D:1)
  4 rats (D:1)
30 creatures vanquished.

Notes
Turn   | Place    | Note
-------+----------+-------------------------------------------
     0 | D:1      | Htamos the Demigod Gladiator began the quest for the Orb.
     0 | D:1      | Reached XP level 1. HP: 17/17 MP: 3/3
   100 | D:1      | Reached skill level 3 in Dodging
   158 | D:1      | Reached XP level 2. HP: 24/24 MP: 4/4
   620 | D:1      | Reached XP level 3. HP: 30/30 MP: 5/5
   843 | D:1      | HP: 2/45 [gnoll/halberd (7)]
   846 | D:1      | Slain by a gnoll

Vault maps used:
D:1:      minmay_arrival_open_corners, corexii_hall_statues_i
D:2:      nicolae_overflow_hidden_temple, marbit_many_paths

Skill      XL: |  1 |
---------------+----+-----
Dodging        | 3 |  3.7
Fighting       | 2 |  2.4
Axes           | |  2.6
Throwing       | |  1.7
Armour         | |  0.2

Action                   || total
-------------------------++-------
Melee: War axe           ||    91
  Use: Potion            ||     4
       Scroll            ||     3
Armor: Chain mail        ||    59
       Skin              ||    16
Dodge: Dodged            ||    58

Table legend:
 A = Spawn XP
 B = Non-spawn XP
 C = Spawn XP percentage of total XP
 D = Spawn monster count
 E = Non-spawn monster count
 F = Spawn count percentage of total count
 G = Total turns spent on level
                    A         B        C        D         E        F      G
               +---------+---------+-------+---------+---------+-------+---------
         Total |       0 |      68 |   0.0 |       0 |      30 |   0.0 |   846
               +---------+---------+-------+---------+---------+-------+---------
           D:1 |       0 |      65 |   0.0 |       0 |      29 |   0.0 |   784
           D:2 |       0 |       3 |   0.0 |       0 |       1 |   0.0 |    62
               +---------+---------+-------+---------+---------+-------+---------
